 Dungeon Crawl Stone Soup version 0.31-a0-234-gad7ace16ef (webtiles) character file.

Game seed: 11149794456993560295

35 qw the Shooter (level 3, 0/29 HPs)
             Began as a Minotaur Hexslinger on July 9, 2023.
             Slain by Robin
             ... wielding a +0 spear
              (3 damage)
             ... on level 2 of the Dungeon.
             The game lasted 00:01:57 (1383 turns).

qw the Shooter (Minotaur Hexslinger)                Turns: 1383, Time: 00:01:57

Health: 0/29       AC:  3    Str: 12    XL:     3   Next: 16%
Magic:  3/3        EV: 12    Int: 10    God:
Gold:   36         SH:  0    Dex: 14    Spells: 3/4 levels left

rFire   . . .        Y - +1 sling
rCold   . . .        (no shield)
rNeg    . . .        d - +0 leather armour
rPois   .            (helmet restricted)
rElec   .            (no cloak)
rCorr   .            (no gloves)
SInv    +            (no boots)
Will    .....        (no amulet)
Stlth   +            e - ring of see invisible
HPRegen 0.24/turn    (no ring)
MPRegen 0.08/turn

%: no passive effects
@: no status effects
A: horns 2, retaliatory headbutt
a: no special abilities


You were on level 2 of the Dungeon.
You visited 1 branch of the dungeon, and saw 2 of its levels.

You collected 36 gold pieces.


Innate Abilities, Weirdness & Mutations

You have a pair of horns on your head.
You reflexively headbutt those who attack you in melee.


   Skills:
 - Level 2.0 Fighting
 + Level 3.7 Ranged Weapons
 - Level 2.1 Dodging
 - Level 1.0 Spellcasting
 - Level 2.0 Hexes


You had 3 spell levels left.
You knew the following spells:

 Your Spells              Type           Power      Damage    Failure   Level
a - Slow                  Hex            16%        N/A       19%         1

Your spell library contained the following spells:

 Spells                   Type           Power      Damage    Failure   Level
 Inner Flame              Hex/Fire       2%         N/A       65%         3
 Portal Projectile        Hex/Tloc       4%         N/A       65%         3
 Cause Fear               Hex            2%         N/A       88%         4

Inventory:

Hand Weapons
 Y - a +1 sling (weapon)
Armour
 d - a +0 leather armour (worn)
Jewellery
 e - a ring of see invisible (left hand)
Potions
 f - a potion of heal wounds {unknown}

Dungeon Overview and Level Annotations

Branches:
Dungeon (2/15)

Altars:
Nemelex Xobeh

Annotations:
D:1 exclusion: hobgoblin
D:2 Robin


Message History

You shoot a sling bullet. The sling bullet hits the goblin.
You kill the goblin!
You hear a shout!
Robin completely misses you.
A goblin comes into view. It is wielding a +0 dagger.
You shoot a sling bullet.
The sling bullet hits Robin but does no damage.
Robin is moderately wounded.
Robin throws the goblin at you! The goblin hits you with a +0 dagger.
Robin hits you but does no damage. The goblin misses you.
A goblin comes into view.
It is wielding a +0 dagger of protection.
You shoot a sling bullet.
The sling bullet barely misses the goblin.
Robin hits you from afar with a +0 spear.
The goblin barely misses you.
You shoot a sling bullet.
The sling bullet closely misses the goblin.
Robin barely misses you. The goblin closely misses you.
You shoot a sling bullet. The sling bullet hits the goblin!
You kill the goblin!
Robin throws the goblin at you!
The goblin hits you with a +0 dagger of protection.
The goblin hits you but does no damage.
Robin hits you from afar with a +0 spear.
You shoot a sling bullet.
The sling bullet closely misses the goblin.
Robin hits you from afar with a +0 spear.
The goblin misses you.
You shoot a sling bullet.
The sling bullet barely misses the goblin.
Robin hits you from afar with a +0 spear.
The goblin hits you but does no damage.
You shoot a sling bullet.
The sling bullet hits the goblin but does no damage.
The goblin hits you with a +0 dagger of protection.
Robin closely misses you.
You shoot a sling bullet.
The sling bullet hits the goblin but does no damage.
Robin hits you from afar with a +0 spear.
You die...

#.........#######
#.........#
###.........#
#....)......#
#...........#
#.._)...........
#...............
#.#..g.............
#)g.@#######.......
#.#### ######. #. #


You could see Robin and a goblin (strong).

Vanquished Creatures
  2 endoplasms (D:1)
  2 giant cockroaches (D:1)
  4 hobgoblins
  2 jackals (D:1)
  2 quokkas (D:1)
  2 bats (D:1)
  3 frilled lizards (D:1)
  7 goblins
  2 kobolds (D:1)
  5 rats (D:1)
31 creatures vanquished.

Notes
Turn   | Place    | Note
-------+----------+-------------------------------------------
     0 | D:1      | qw the Minotaur Hexslinger began the quest for the Orb.
     0 | D:1      | Reached XP level 1. HP: 16/16 MP: 1/1
     0 | D:1      | 0 ||| qw: Version: 0.3-a-51-g015441d
     0 | D:1      | 0 ||| qw: Game counter: 4271
     0 | D:1      | 0 ||| qw: Melee chars always use a shield: true
     0 | D:1      | 0 ||| qw: God list: Okawaru
     0 | D:1      | 0 ||| qw: Allow faded altars: false
     0 | D:1      | 0 ||| qw: Do Orc after clearing Dungeon:15 true
     0 | D:1      | 0 ||| qw: Do second Lair branch before Depths: true
     0 | D:1      | 0 ||| qw: Lair rune preference: random
     0 | D:1      | 0 ||| qw: Goals: Normal
     0 | D:1      | 0 ||| PLANNING D:1-11
    14 | D:1      | 14 ||| FLEEEEING.
    15 | D:1      | 15 ||| FLEEEEING.
    47 | D:1      | 47 ||| DROPPING scroll of poison.
    54 | D:1      | 54 ||| FLEEEEING.
    55 | D:1      | 55 ||| FLEEEEING.
   847 | D:1      | Reached skill level 3 in Ranged Weapons
   851 | D:1      | Reached XP level 2. HP: 23/23 MP: 2/2
  1047 | D:1      | Found a faded altar of an unknown god.
  1301 | D:1      | 1301 ||| UPGRADING to +0 leather armour.
  1311 | D:1      | 1311 ||| DROPPING +0 robe.
  1312 | D:1      | 1312 ||| UPGRADING to ring of see invisible.
  1313 | D:1      | 1313 ||| READING scroll labelled VOV PONWUUH.
  1355 | D:2      | Found a sparkling altar of Nemelex Xobeh.
  1360 | D:2      | Reached XP level 3. HP: 29/29 MP: 3/3
  1371 | D:2      | Noticed Robin
  1381 | D:2      | HP: 5/29 [Robin/+0 spear (5)]
  1383 | D:2      | Slain by Robin

Levels and vault maps discovered:
D:1:      minmay_arrival_three_doors, layout_rooms, serial_forest,
          infiniplex_forest_end_double, infiniplex_forest_end_2,
          infiniplex_forest_clump_medium, infiniplex_forest_clump_tiny,
          infiniplex_forest_lined_2, shapermc_ecumenical_altar_notcrosses
D:2:      layout_basic, basic_altar, kennysheep_cluttered_room,
          dk_noncrumbling_3, serial_bayou_pond_a, uniq_robin

Skill      XL: |  1  2 |
---------------+-------+-----
Ranged Weapons | 3 |  3.7
Fighting       | 2 |  2.0
Dodging        | |  2.1
Spellcasting   | |  1.0
Hexes          | |  2.0

Action                     || total
---------------------------++-------
   Fire: Sling             ||   669
    Use: Scroll            ||     1
 Armour: Robe              ||     2
         Leather armour    ||     4
  Dodge: Dodged            ||    31

Table legend:
 A = Non-vault XP
 B = Vault XP
 C = Vault XP percentage of total XP
 D = Non-vault monster count
 E = Vault monster count
 F = Vault count percentage of total count
                 A         B        C        D         E       F
            +---------+---------+-------+---------+---------+-------
      Total |      39 |      11 |  22.0 |      25 |       6 |  19.4
            +---------+---------+-------+---------+---------+-------
        D:1 |      37 |       0 |   0.0 |      24 |       0 |   0.0
        D:2 |       2 |      11 |  84.6 |       1 |       6 |  85.7
            +---------+---------+-------+---------+---------+-------
